 Dungeon Crawl Stone Soup version 0.29-a0-334-gb41bcbb86e (webtiles) character file.

Game seed: 5877525930600984530

1 ImHallYall the Ducker (level 1, 14/14 HPs)
             Began as an Octopode Gladiator on Apr 13, 2022.
             Quit the game on level 1 of the Dungeon.
             The game lasted 00:00:22 (342 turns).

ImHallYall the Ducker (Octopode Gladiator)           Turns: 342, Time: 00:00:22

Health: 14/14      AC:  1    Str: 13    XL:     1   Next: 20%
Magic:  1/1        EV: 13    Int: 10    God:
Gold:   0          SH:  0    Dex: 13    Spells: 0/0 levels left

rFire   . . .      SeeInvis .   a - +0 war axe
rCold   . . .      Faith    .   (no shield)
rNeg    . . .      Spirit   .   b - +0 hat
rPois   .          Reflect  .   (no amulet)
rElec   .          Harm     .   (no ring)
rCorr   .          Rampage  .   (no ring)
Will    .....                   (no ring)
Stlth   ++........              (no ring)
HPRegen 0.04/turn               (no ring)
MPRegen 0.07/turn               (no ring)
                                (no ring)
                                (no ring)

@: no status effects
A: almost no armour, amphibious, 8 rings, camouflage 1, gelatinous body 1,
(nimble swimmer 1), tentacles
a: no special abilities


You were on level 1 of the Dungeon.
You visited 1 branch of the dungeon, and saw 1 of its levels.

Inventory:

Hand Weapons
 a - a +0 war axe (weapon)
Missiles
 c - 3 throwing nets (quivered)
 d - a javelin
Armour
 b - a +0 hat (worn)
Scrolls
 e - a scroll of blinking {unknown}
 f - a scroll of enchant weapon {unknown}


   Skills:
 + Level 2.0 Fighting
 + Level 3.0 Axes
 + Level 2.0 Throwing
 + Level 3.0 Dodging


You couldn't memorise any spells.
You didn't know any spells.
Your spell library was empty.

Dungeon Overview and Level Annotations

Branches:
Dungeon (1/15)

Altars:

Shops:
D:1 =


Innate Abilities, Weirdness & Mutations

You cannot wear most types of armour.
You are amphibious.
You can wear up to eight rings at the same time.
Your skin changes colour to match your surroundings (Stealth+).
Your rubbery body absorbs attacks. (AC +1, EV +1)
((You are camouflaged when in or above water. (Stealth+)))
You have tentacles for arms and can constrict up to eight enemies at once.


Message History

Welcome, ImHallYall the Octopode Gladiator.
Will you prevail where others failed? Will you find the Orb of Zot?
Press ? for a list of commands and other information.
Found a staircase leading out of the dungeon.
There is a staircase leading out of the dungeon here.
A ball python comes into view.
Found a scroll labelled COSKOC HIFRUA.
The ball python hisses angrily.
The ball python bites you. The ball python grabs you.
The ball python constricts you.
You closely miss the ball python. Your grab misses the ball python.
The ball python bites you. The ball python constricts you.
The ball python misses you. The ball python constricts you.
You hit the ball python but do no damage.
Your grab misses the ball python. The ball python barely misses you.
The ball python constricts you.
You slash the ball python!
You kill the ball python!
e - a scroll labelled COSKOC HIFRUA You start resting.
HP restored.
You start waiting.
Done waiting.
Found Jilaot's Jewellery Shoppe.
Found an escape hatch in the floor.
Found a ring mail.
f - a scroll labelled ZOLOMO GEIMMIMO An endoplasm comes into view.
The endoplasm quivers.
Found a hunting sling.
There is an entrance to Jilaot's Jewellery Shoppe here.
Unknown command.
Are you sure you want to abandon this character and quit the game? (Confirm with "yes".)

#.≈≈≈ #) ..#..# #..≈.
###.#.....# #..≈≈
....#.....# ##...≈ #
.......#.# #....≈ #.#
#.....#.# ##..#.. #...
#[8...#.# #...##.
#..#.>.#.#.# #......
#..8.@.8.#.#####......
#...#.................#
#. #J8.#.#............
.........#.......#.#.#
....#.######.......##..
#...... ##.###.#....
##..... #.# #.#####
#.#.## #.# #.# #.#. #.#
#.#


You could see an endoplasm.

Vanquished Creatures
  A ball python (D:1)
1 creature vanquished.

Notes
Turn   | Place    | Note
-------+----------+-------------------------------------------
     0 | D:1      | ImHallYall the Octopode Gladiator began the quest for the
                  | Orb.
     0 | D:1      | Reached XP level 1. HP: 14/14 MP: 1/1
   331 | D:1      | Found Jilaot's Jewellery Shoppe.
   342 | D:1      | Quit the game

Illustrated notes

Levels and vault maps discovered:
D:1:      dpeg_arrival_more_subterranean_lakeside_camping, layout_basic,
          serial_shops, nicolae_shop_statue_plus, nicolae_shop_hallway_plus,
          shop, nicolae_diamond_shop, nicolae_shop_statue_plus,
          nicolae_ecumenical_snake_handling

Action                   || total
-------------------------++-------
Melee: War axe           ||     3
Dodge: Dodged            ||     2

Table legend: (Time is in decaauts)
 A = Elapsed time spent in this place.
 B = Non-inter-level travel time spent in this place.
 C = Inter-level travel time spent in this place.
 D = Time resting spent in this place.
 E = Time spent auto-exploring this place.
 F = Levels seen in this place.
 G = Mean time per level.
                   A        B        C        D        E       F      G
               +--------+--------+--------+--------+--------+-----+--------+
         Total |    343 |    343 |      0 |    298 |     18 |   1 |  343.0 |
       Dungeon |    343 |    343 |      0 |    298 |     18 |   1 |  343.0 |
               +--------+--------+--------+--------+--------+-----+--------+

Top non-repeatable levels by time:
     D:1: 343 daAuts
